[Event "Team 45 45 League T89"]
[Site "Internet Chess Club"]
[Date "2021.07.12"]
[Round "1"]
[White "CMAlge"]
[Black "Fulmar"]
[Result "1-0"]
[WhiteElo "1312"]
[BlackElo "1130"]
[Opening "Hungarian defense"]
[ECO "C50"]
[Time "11:32:35"]
[TimeControl "2700+45"]

1. e4 e5 2. Nf3 Nc6 3. Bc4 Be7 4. Nxe5 Nxe5 5. Qh5 Nxc4 6. e5 g6 7. Qe2 d5 8. b3
Nb6 9. Bb2 Be6 10. Nc3 a6 11. a4 a5 12. Nb5 c6 13. Nd4 Qd7 14. O-O O-O-O 15. Bc3
Bb4 16. Bxb4 axb4 17. a5 Na8 18. a6 b5 19. a7 Kb7 20. Ra5 Nc7 21. Rfa1 Ra8 22.
c3 bxc3 23. dxc3 Ne7 24. b4 Nf5 25. Nb3 Ne7 26. Nc5+ Kc8 27. Nxd7 Kxd7 28. Qe3
Nc8 29. Qc5 Bf5 30. Ra6 Nxa6 31. Rxa6 Nxa7 32. Rxa7+ Rxa7 33. Qxa7+ Ke6 34. f4
f6 35. Qc7 g5 36. Qd6+ Kf7 37. Qxf6+ Kg8 38. Qxf5 h6 39. Qe6+ Kh7 40. Qf7#
{Black checkmated} 1-0

[Event "Team 45 45 League T89"]
[Site "Internet Chess Club"]
[Date "2021.07.09"]
[Round "1"]
[White "clarinetref"]
[Black "kabindra"]
[Result "0-1"]
[WhiteElo "1495"]
[BlackElo "1685"]
[Opening "Réti: advance variation"]
[ECO "A09"]
[Time "16:04:56"]
[TimeControl "2700+45"]

1. Nf3 d5 2. c4 d4 3. b4 c5 4. bxc5 Nc6 5. g3 e5 6. d3 Bf5 7. Nh4 Be6 8. Bg2
Bxc5 9. Nd2 Qd7 10. h3 Nf6 11. Nb3 Bb4+ 12. Bd2 Bxd2+ 13. Qxd2 O-O 14. Nc5 Qd6
15. Nxe6 fxe6 16. O-O h6 17. Ng6 Rfe8 18. f4 exf4 19. Qxf4 e5 20. Qf2 Ne7 21.
Nxe7+ Qxe7 22. Rab1 Rab8 23. e3 dxe3 24. Qxe3 b6 25. Rb5 Qd6 26. Bd5+ Kh8 27.
Qf3 a6 28. Rb2 Qc5+ 29. Kh2 Nxd5 30. cxd5 Rbd8 31. Qf7 Rf8 32. Rbf2 Rxf7 33.
Rxf7 Qxd5 34. Rf8+ Rxf8 35. Rxf8+ Kh7 {White resigns} 0-1

[Event "Team 45 45 League T89"]
[Site "Internet Chess Club"]
[Date "2021.07.13"]
[Round "1"]
[White "Conjurer"]
[Black "gregorgg"]
[Result "1/2-1/2"]
[WhiteElo "1167"]
[BlackElo "1398"]
[Opening "Queen's pawn: London system"]
[ECO "A45"]
[Time "13:01:48"]
[TimeControl "2700+45"]

1. d4 Nf6 2. Bf4 g6 3. e3 Bg7 4. Nf3 O-O 5. c4 c5 6. d5 Nh5 7. Be5 Bxe5 8. Nxe5
d6 9. Nf3 Nf6 10. Nc3 e6 11. e4 exd5 12. cxd5 Re8 13. Qc2 Qa5 14. Bd3 Nxd5 15.
O-O Nb4 16. Qd2 Nxd3 17. Qxd3 Qc7 18. Nd5 Qc6 19. Nf6+ Kg7 20. Nxe8+ Qxe8 21.
Qc3+ Kg8 22. e5 Qd7 23. Rad1 d5 24. Qxc5 Qc6 25. Qxd5 Qxd5 26. Rxd5 Be6 27. Rd8+
Kg7 28. Ng5 Bxa2 29. Rfd1 h6 30. Nxf7 Kxf7 31. R1d6 Ke7 32. Rh8 h5 33. Rh7+ Bf7
34. f4 Nc6 35. Rxg6 Nd8 36. f5 Kf8 37. Rh8+ Ke7 38. Rg7 Rc8 39. Kf2 Rc5 40. f6+
Kd7 41. Rxh5 Ke6 42. Rh8 Nc6 43. Rc8 Rc2+ 44. Ke3 Rxb2 45. Rc7 Nxe5 46. Ke4 Kxf6
47. Rg3 Nc6 48. Rf3+ Ke6 49. Rfxf7 Rxg2 50. h4 Rg4+ 51. Rf4 Rg1 52. Rf3 Ne5 53.
Rf4 Re1+ 54. Kd4 Rd1+ 55. Ke3 Re1+ 56. Kd2 Rh1 57. Rxb7 Rxh4 58. Rxh4 Nf3+ 59.
Ke3 Nxh4 60. Rxa7 Nf5+ 61. Ke4 Nd6+ 62. Kf4 Nf5 63. Ra6+ Nd6 64. Rb6 Kd5 65. Kf3
Kc5 66. Rb1 Nc4 67. Rc1 Kd4 68. Rd1+ Kc3 69. Ke2 Kb4 70. Rb1+ Kc5 71. Kd3 Ne5+
72. Kc3 Kd6 73. Kd4 Nc6+ 74. Ke4 Kc5 75. Rc1+ Kd6 76. Rd1+ Kc5 77. Rd5+ Kb6 78.
Rh5 Kc7 79. Kd5 Ne7+ 80. Kc5 Kd7 81. Rh7 Ke6 82. Kd4 Nf5+ 83. Ke4 Nd6+ 84. Kf4
Kd5 85. Re7 Nc4 86. Re4 Kc5 87. Re1 Kd4 88. Rd1+ Kc5 89. Ke4 Nd6+ 90. Ke5 Nc4+
91. Ke6 Kc6 92. Rd5 Nb6 93. Rd6+ Kc5 94. Ke5 Nc4+ 95. Ke6 Nxd6 {Game drawn
because neither player has mating material} 1/2-1/2

[Event "Team 45 45 League T89"]
[Site "Internet Chess Club"]
[Date "2021.07.10"]
[Round "1"]
[White "Kidpython"]
[Black "kabubi"]
[Result "0-1"]
[WhiteElo "1109"]
[BlackElo "1123"]
[Opening "French: King's Indian attack"]
[ECO "C00"]
[Time "14:40:57"]
[TimeControl "2700+45"]

1. e4 e6 2. d3 d5 3. exd5 exd5 4. Nf3 c5 5. c4 Nf6 6. cxd5 Qxd5 7. Nc3 Qd8 8.
Be3 Be7 9. d4 Qb6 10. b3 Qa5 11. Qd2 Bf5 12. Na4 Qxd2+ 13. Bxd2 b5 14. Nxc5 Bxc5
15. dxc5 a6 16. b4 Nc6 17. Be2 O-O 18. O-O Rfe8 19. Bd1 a5 20. bxa5 Nxa5 21.
Bxa5 Rxa5 22. Re1 Rxe1+ 23. Nxe1 b4 24. a3 bxa3 25. c6 Ne8 26. Bb3 h6 27. Ba2
Rc5 28. Bb3 Rxc6 29. Rxa3 Rc1 30. f3 Rxe1+ 31. Kf2 Rb1 32. Bc4 Nd6 33. Be2 Rb2
34. g4 Be6 35. Rd3 Rxe2+ 36. Kxe2 Bc4 37. Ke3 Bxd3 38. Kxd3 f5 39. gxf5 Nxf5 40.
Ke4 Nh4 41. f4 Kf7 42. f5 Kf6 43. Kf4 Nxf5 44. h4 Nxh4 45. Kg4 Ng2 46. Kh5 Nf4+
47. Kh4 g5+ 48. Kg4 h5+ 49. Kg3 Kf5 50. Kf3 h4 51. Kf2 g4 52. Kg1 g3 53. Kh1 h3
54. Kg1 g2 55. Kh2 Kg4 56. Kg1 Ne2+ 57. Kh2 g1=Q# {White checkmated} 0-1

[Event "Team 45 45 League T89"]
[Site "Internet Chess Club"]
[Date "2021.07.09"]
[Round "1"]
[White "ascoli"]
[Black "Redman1"]
[Result "0-1"]
[WhiteElo "1608"]
[BlackElo "1555"]
[Opening "Petrov's defense"]
[ECO "C42"]
[Time "08:02:13"]
[TimeControl "2700+45"]

1. e4 e5 2. Nf3 Nf6 3. d3 Nc6 4. g3 d5 5. Nbd2 Bc5 6. Bg2 O-O 7. O-O dxe4 8.
dxe4 Bg4 9. c3 Qd7 10. Nc4 Qxd1 11. Rxd1 Nxe4 12. Be3 Bxe3 13. fxe3 Nf6 14. Rd2
Bxf3 15. Bxf3 e4 16. Bg2 Rad8 17. Rad1 Rxd2 18. Rxd2 Rd8 19. Rxd8+ Nxd8 20. Nd2
Ng4 21. Nc4 f5 22. h3 Nf6 23. Ne5 Nf7 24. Nc4 b6 25. Kf2 Kf8 26. Na3 Nd6 27. Bf1
Ke7 28. Nc2 c5 29. b4 Ke6 30. Be2 Ke5 31. a4 Nd5 32. bxc5 bxc5 33. c4 Nc3 34.
Bf1 Nxa4 35. Na1 Nb2 36. Nb3 Nd3+ 37. Bxd3 exd3 38. Nxc5 d2 39. Nd3+ Ke6 40. Nb2
Nxc4 41. Nd1 Ke5 42. Ke2 a5 43. Kd3 Kd5 44. g4 fxg4 45. hxg4 Ne5+ 46. Kxd2 Nxg4
{White resigns} 0-1

[Event "Team 45 45 League T89"]
[Site "Internet Chess Club"]
[Date "2021.07.11"]
[Round "1"]
[White "ChessG2011"]
[Black "Electryon"]
[Result "0-1"]
[WhiteElo "1304"]
[BlackElo "1415"]
[Opening "French: advance, Euwe variation"]
[ECO "C02"]
[Time "15:03:34"]
[TimeControl "2700+45"]

1. e4 e6 2. d4 d5 3. e5 c5 4. c3 Nc6 5. Nf3 Bd7 6. Bd3 cxd4 7. cxd4 Qb6 8. Bc2
Nb4 9. Na3 Nxc2+ 10. Nxc2 Ne7 11. O-O Nf5 12. Rb1 Be7 13. b3 O-O 14. Bb2 Rac8
15. Qd2 Rc7 16. Rbc1 Rfc8 17. Ne3 Nxe3 18. Qxe3 Rc2 19. Rxc2 Rxc2 20. Rb1 Qb4
21. Qd3 Rc8 22. Rc1 Rxc1+ 23. Bxc1 Qa5 24. Qd2 Qc7 25. Bb2 a5 26. Qc3 Qb6 27. h3
a4 28. bxa4 Bxa4 29. Qc8+ Bd8 30. Ba3 Qc7 31. Qxc7 Bxc7 32. Bb4 Bb5 33. Nd2 f6
34. exf6 gxf6 35. f3 Bg3 36. Nf1 Bc7 37. Kf2 e5 38. dxe5 fxe5 39. Nd2 Kf7 40.
Nb3 b6 41. Nd2 Ke6 42. Ke3 Bd8 43. g3 d4+ 44. Ke4 Bc6+ 45. Kd3 Kd5 46. f4 Bb5+
47. Kc2 e4 48. Nb3 Ba4 49. Kd2 Kc4 50. Nxd4 Kxd4 51. Bc3+ Kc4 52. f5 Be8 53. g4
Bg5+ 54. Kc2 Ba4+ 55. Kb2 e3 56. f6 Be8 57. Kc2 Bg6+ 58. Kb2 b5 59. Be1 Bxf6+
60. Kc1 Kd3 {White resigns} 0-1

[Event "Team 45 45 League T89"]
[Site "Internet Chess Club"]
[Date "2021.07.08"]
[Round "1"]
[White "tryanything"]
[Black "Constrictor"]
[Result "1/2-1/2"]
[WhiteElo "1469"]
[BlackElo "1538"]
[Opening "QGD Slav: 5.e3 (Alekhine variation)"]
[ECO "D15"]
[Time "19:00:31"]
[TimeControl "2700+45"]

1. d4 d5 2. Nf3 c6 3. c4 Nf6 4. Nc3 dxc4 5. e3 b5 6. a4 b4 7. Na2 e6 8. Bxc4 Bb7
9. Bd2 a5 10. O-O Be7 11. Nc1 O-O 12. Ne2 Nbd7 13. Ng3 Rc8 14. b3 c5 15. dxc5
Nxc5 16. Nd4 Nfe4 17. Nxe4 Nxe4 18. Rc1 Nxd2 19. Qxd2 e5 20. Nf3 Qxd2 21. Nxd2
Rfd8 22. Rfd1 Kf8 23. f3 Rd6 24. Kf2 Rcd8 25. Ke2 Rg6 26. g3 Rh6 27. Nf1 Rhd6
28. Rxd6 Rxd6 29. e4 Bg5 30. Rd1 Rxd1 {Game drawn by mutual agreement} 1/2-1/2

[Event "Team 45 45 League T89"]
[Site "Internet Chess Club"]
[Date "2021.07.12"]
[Round "1"]
[White "oldsj"]
[Black "clarinetref"]
[Result "1-0"]
[WhiteElo "1414"]
[BlackElo "1474"]
[Opening "Sicilian: dragon, Yugoslav attack"]
[ECO "B75"]
[Time "10:06:55"]
[TimeControl "2700+45"]

1. e4 c5 2. Nf3 d6 3. d4 cxd4 4. Nxd4 Nf6 5. Nc3 g6 6. f3 Bg7 7. Be3 a6 8. Qd2
Nbd7 9. O-O-O b5 10. h4 h5 11. g4 hxg4 12. fxg4 Nxg4 13. Nd5 Bb7 14. Bg5 Bxd5
15. exd5 Ndf6 16. Bg2 Ne5 17. Qe2 Qa5 18. Kb1 Rc8 19. Rhe1 Qc7 20. Bf4 Nh5 21.
Bxe5 Bxe5 22. Nc6 Nf4 23. Qd2 Nxg2 24. Qxg2 Bf6 25. Re4 Kf8 26. Rde1 Be5 27.
Nxe5 dxe5 28. Rxe5 Rxh4 29. Rxe7 Qc4 30. d6 Rg4 31. Qf2 Rf4 32. Qd2 Rd4 33. Qh6+
Kg8 34. Re8+ {Black resigns} 1-0

[Event "Team 45 45 League T89"]
[Site "Internet Chess Club"]
[Date "2021.07.11"]
[Round "1"]
[White "Signofthetimes"]
[Black "Timmah4651"]
[Result "0-1"]
[WhiteElo "1597"]
[BlackElo "1575"]
[Opening "Giuoco Pianissimo: Italian four knights variation"]
[ECO "C47"]
[Time "22:00:36"]
[TimeControl "2700+45"]

1. e4 e5 2. Nf3 Nf6 3. Nc3 Nc6 4. Bc4 Bc5 5. d3 h6 6. h3 a6 7. a3 b5 8. Bd5 Qe7
9. Bxc6 dxc6 10. Be3 Bd6 11. Ne2 Bb7 12. Ng3 g6 13. Qd2 Qf8 14. O-O O-O-O 15.
Qc3 Nd7 16. Rfe1 f5 17. Bd2 f4 18. Ne2 g5 19. d4 Qf6 20. Qd3 h5 21. Nxe5 Nxe5
22. dxe5 Bxe5 23. Qb3 Rxd2 24. a4 Rhd8 25. c3 g4 26. h4 f3 27. Nd4 Bxd4 28. cxd4
Qxd4 29. Rf1 Qxe4 30. g3 Qd5 31. Qe3 Kb8 32. axb5 cxb5 33. b4 Qd4 34. Qg5 Rxf2
35. Qxd8+ Qxd8 36. Rxf2 Qd6 37. Kh2 Qxb4 38. Rd1 Qc5 39. Rfd2 a5 40. Rd8+ Ka7
41. Rg8 Qf2+ {White resigns} 0-1

[Event "Team 45 45 League T89"]
[Site "Internet Chess Club"]
[Date "2021.07.07"]
[Round "1"]
[White "Grenadier"]
[Black "Kingofknights"]
[Result "0-1"]
[WhiteElo "1568"]
[BlackElo "1508"]
[Opening "Caro-Kann: exchange variation"]
[ECO "B13"]
[Time "18:30:23"]
[TimeControl "2700+45"]

1. e4 c6 2. d4 d5 3. exd5 cxd5 4. Bd3 Nc6 5. c3 e5 6. dxe5 Nxe5 7. Qe2 Qe7 8.
Bb5+ Bd7 9. Bxd7+ Nxd7 10. Bf4 Ngf6 11. Nd2 Qxe2+ 12. Nxe2 Bc5 13. Bg3 O-O 14.
O-O-O Rfe8 15. Rhe1 Rac8 16. Nb3 Bb6 17. Ned4 Ne4 18. f3 Nxg3 19. hxg3 Nf6 20.
Nf5 Rxe1 21. Rxe1 Kf8 22. Kd1 Rc7 23. g4 g6 24. Nfd4 a6 25. g5 Nd7 26. g4 Nc5
27. Nxc5 Bxc5 28. Nb3 Bd6 29. Nd4 Bf4 30. Kc2 Bxg5 31. Re5 Bf6 32. Rxd5 Ke7 33.
Nb3 Ke6 34. Rd3 h5 35. Nd4+ Bxd4 36. Rxd4 Rc5 37. Kd3 Rd5 38. Ke4 Rxd4+ 39. cxd4
h4 40. f4 f5+ 41. gxf5+ gxf5+ 42. Kf3 Kd5 43. Kg2 Kxd4 44. Kh3 Ke4 45. Kxh4 Kxf4
46. Kh3 Kf3 47. Kh2 Kf2 48. a4 f4 49. b4 f3 50. Kh1 Ke2 {White resigns} 0-1

[Event "Team 45 45 League T89"]
[Site "Internet Chess Club"]
[Date "2021.07.16"]
[Round "1"]
[White "scostanzo212"]
[Black "GoIrish"]
[Result "1-0"]
[WhiteElo "1546"]
[BlackElo "1483"]
[Opening "King's Indian: orthodox, Aronin-Taimanov, main line"]
[ECO "E99"]
[Time "19:01:20"]
[TimeControl "2700+45"]

1. d4 Nf6 2. c4 g6 3. Nc3 Bg7 4. e4 d6 5. Nf3 O-O 6. Be2 e5 7. O-O Nc6 8. d5 Ne7
9. Ne1 Nd7 10. f3 f5 11. Be3 f4 12. Bf2 g5 13. Nd3 Nf6 14. c5 Ng6 15. Rc1 Rf7
16. cxd6 cxd6 17. a4 h5 18. Nb5 g4 19. a5 g3 20. hxg3 fxg3 21. Bxg3 h4 22. Bf2
Nh5 23. f4 Ng3 24. Bh5 Nxh5 25. Qxh5 Nxf4 26. Nxf4 Rxf4 27. Nc7 Bg4 28. Qg6 Rc8
29. Ne6 Bxe6 30. Qxe6+ {Black resigns} 1-0

[Event "Team 45 45 League T89"]
[Site "Internet Chess Club"]
[Date "2021.07.09"]
[Round "1"]
[White "seattleblues"]
[Black "tightfist"]
[Result "1/2-1/2"]
[WhiteElo "1302"]
[BlackElo "1400"]
[Opening "QGD: classical variation (5.Bf4)"]
[ECO "D37"]
[Time "21:00:50"]
[TimeControl "2700+45"]

1. d4 d5 2. Nf3 e6 3. c4 Nf6 4. Nc3 Be7 5. Bf4 c6 6. e3 O-O 7. Be2 dxc4 8. a4
Nd5 9. Bg3 Qa5 10. Qc2 Nb4 11. Qd1 Nd5 12. Rc1 b5 13. axb5 cxb5 14. Ra1 Qb4 15.
Qc2 Nd7 16. O-O Nxc3 17. bxc3 Qb3 18. Qxb3 cxb3 19. Rfb1 Bb7 20. Bxb5 Nf6 21.
Rxb3 Rfc8 22. Bd7 Rd8 23. Rxb7 Rxd7 24. Rxd7 Nxd7 25. c4 a5 26. c5 a4 27. Nd2
Bf6 28. Ne4 Be7 29. Nc3 a3 30. Kf1 e5 31. c6 exd4 32. exd4 Nb6 33. d5 Bf6 34.
Ra2 Bxc3 35. d6 Bb2 36. d7 Nxd7 37. cxd7 Rd8 38. Bd6 Rxd7 39. Bxa3 {Game drawn
by mutual agreement} 1/2-1/2

[Event "Team 45 45 League T89"]
[Site "Internet Chess Club"]
[Date "2021.07.11"]
[Round "1"]
[White "MartyJR"]
[Black "Constrictor"]
[Result "0-1"]
[WhiteElo "1525"]
[BlackElo "1554"]
[Opening "Queen's pawn"]
[ECO "A40"]
[Time "15:00:30"]
[TimeControl "2700+45"]

1. d4 c6 2. Bf4 d5 3. e3 Nf6 4. Bd3 Bg4 5. Nf3 e6 6. Nbd2 Bd6 7. Bg3 Qc7 8. c3
Nbd7 9. Qc2 Bh5 10. e4 dxe4 11. Nxe4 Nxe4 12. Bxe4 Nf6 13. Bd3 Bxf3 14. gxf3
O-O-O 15. O-O-O Nd5 16. Kb1 Nf4 17. Bf1 h5 18. Rg1 g6 19. Bh4 Be7 20. Bg3 h4 21.
Bxf4 Qxf4 22. Rh1 Qxf3 23. Bd3 Qd5 24. Be4 Qa5 25. Qe2 Rh5 26. Bxg6 fxg6 27.
Qxe6+ Rd7 28. Qg8+ Kc7 29. Qxg6 Rf5 30. Rhf1 Rd6 31. Qg7 Re6 32. Rde1 Rg5 33.
Qf7 Qf5+ 34. Qxf5 Rxe1+ 35. Rxe1 Rxf5 36. Rxe7+ Kb6 37. Re2 Rf3 38. Kc2 Rh3 39.
f4 Rf3 40. Kd2 Rxf4 41. Ke3 Rf1 42. Rf2 Ra1 43. a3 Kb5 44. Kf3 Re1 45. Kg4 Re4+
46. Rf4 Re2 47. Kh3 Rxb2 48. Rxh4 Rb3 49. Rg4 Rxc3+ 50. Rg3 Rc4 51. Rd3 a5 52.
Kg3 Ka4 53. h4 b5 54. h5 b4 55. axb4 axb4 56. h6 Rc1 57. Kg2 Re1 58. Rh3 Re8 59.
Kf2 b3 60. h7 Rh8 61. Rh1 b2 62. Rb1 Kb3 {White resigns} 0-1

[Event "Team 45 45 League T89"]
[Site "Internet Chess Club"]
[Date "2021.07.11"]
[Round "1"]
[White "bardu"]
[Black "goldeen7"]
[Result "0-1"]
[WhiteElo "1325"]
[BlackElo "1378"]
[Opening "King's Indian: orthodox, Aronin-Taimanov, bayonet attack"]
[ECO "E97"]
[Time "14:24:30"]
[TimeControl "2700+45"]

1. d4 Nf6 2. c4 g6 3. Nc3 Bg7 4. e4 d6 5. Nf3 O-O 6. Be2 e5 7. O-O Nc6 8. d5 Ne7
9. b4 Nh5 10. Re1 f5 11. Ng5 Nf6 12. Bf3 f4 13. c5 h6 14. Ne6 Bxe6 15. dxe6 Nc6
16. Nd5 Re8 17. Nxc7 Qxc7 18. cxd6 Qb6 19. e7 Nd4 20. Bxf4 Qxd6 {White resigns}
0-1

[Event "Team 45 45 League T89"]
[Site "Internet Chess Club"]
[Date "2021.07.10"]
[Round "1"]
[White "RoyalFizzbin"]
[Black "Ostap-Bender"]
[Result "1-0"]
[WhiteElo "1278"]
[BlackElo "1240"]
[Opening "Sicilian: Alapin's variation (2.c3)"]
[ECO "B22"]
[Time "17:00:38"]
[TimeControl "2700+45"]

1. e4 c5 2. c3 e6 3. d4 cxd4 4. cxd4 d5 5. e5 Nc6 6. Nf3 Be7 7. Nc3 Nh6 8. Bxh6
gxh6 9. Bd3 Qb6 10. O-O Qxb2 11. Nb5 Kd7 12. a3 a6 13. Rb1 Qxb1 14. Qxb1 axb5
15. Bxb5 Bxa3 16. Qa1 Kc7 17. Bxc6 bxc6 18. Rb1 Bd7 19. Rb3 Be7 20. Qb1 Ra7 21.
h3 Rha8 22. Qxh7 Ra1+ 23. Kh2 Rf8 24. Qxh6 Ra2 25. Qe3 f6 26. Rb7+ Kxb7 27. Qb3+
Kc7 28. Qxa2 Rb8 29. Qa5+ Kc8 30. Qa6+ Kc7 31. Qd3 f5 32. Qe3 Rh8 33. Ng5 Rg8
34. f4 Rb8 35. Kg3 Ra8 36. Qd2 Ra3+ 37. Kh2 Ra4 38. Qf2 Rb4 39. Qh4 Rxd4 40.
Nxe6+ Bxe6 41. Qxe7+ {Black resigns} 1-0

[Event "Team 45 45 League T89"]
[Site "Internet Chess Club"]
[Date "2021.07.11"]
[Round "1"]
[White "stantheman59"]
[Black "Balderdash"]
[Result "1-0"]
[WhiteElo "1234"]
[BlackElo "1166"]
[Opening "Scotch game"]
[ECO "C45"]
[Time "15:08:40"]
[TimeControl "2700+45"]

1. e4 e5 2. Nf3 Nc6 3. d4 exd4 4. Nxd4 Nxd4 5. Qxd4 c5 6. Qd1 Bd6 7. Bc4 Be5 8.
c3 Nf6 9. h3 O-O 10. Qe2 b6 11. Nd2 Bb7 12. Bd3 Re8 13. O-O d5 14. f3 a5 15. a4
c4 16. Bc2 dxe4 17. fxe4 Rc8 18. Nxc4 Bxe4 19. Nxe5 Rxe5 20. Rd1 Qe7 21. Bf4 Re6
22. Bb3 Nd5 23. Bg3 Bxg2 24. Qxg2 Ne3 25. Qf3 Nxd1 26. Bxe6 Rd8 27. Rxd1 Rxd1+
28. Qxd1 fxe6 29. Bd6 Qg5+ 30. Kh2 Qf5 31. Qg1 Qc2+ 32. Qg2 Qxg2+ 33. Kxg2 Kf7
34. Bc7 Ke7 35. Bxb6 Kd6 36. Bxa5 Kc6 37. b4 g6 38. b5+ Kb7 39. c4 e5 40. c5 h5
41. c6+ Kc8 42. Bb6 e4 43. a5 g5 44. a6 g4 45. hxg4 hxg4 46. a7 e3 47. a8=Q#
{Black checkmated} 1-0

[Event "Team 45 45 League T89"]
[Site "Internet Chess Club"]
[Date "2021.07.10"]
[Round "1"]
[White "BoardOfWar"]
[Black "DaveTheRook"]
[Result "1/2-1/2"]
[WhiteElo "1400"]
[BlackElo "1451"]
[Opening "Queen's Indian: old main line, 7.Nc3"]
[ECO "E18"]
[Time "15:01:17"]
[TimeControl "2700+45"]

1. d4 Nf6 2. c4 e6 3. Nf3 b6 4. g3 Bb7 5. Bg2 Be7 6. O-O O-O 7. Nc3 d5 8. Ne5 c6
9. cxd5 cxd5 10. a3 Nbd7 11. Bf4 a6 12. Qc2 Rc8 13. Qb3 b5 14. Rfc1 Nh5 15. Bd2
Nhf6 16. Qd1 Qb6 17. Bg5 Qd8 18. a4 b4 19. Qb3 a5 20. Nb5 Nxe5 21. dxe5 Nd7 22.
Rxc8 Bxc8 23. Bxe7 Qxe7 {Game drawn by mutual agreement} 1/2-1/2

[Event "Team 45 45 League T89"]
[Site "Internet Chess Club"]
[Date "2021.07.17"]
[Round "1"]
[White "piirimae"]
[Black "sdcohle"]
[Result "1-0"]
[WhiteElo "1331"]
[BlackElo "1311"]
[Opening "French: Rubinstein variation"]
[ECO "C10"]
[Time "13:30:21"]
[TimeControl "2700+45"]

1. e4 e6 2. d4 d5 3. Nc3 dxe4 4. Nxe4 Nd7 5. Nf3 Ngf6 6. Bd3 Be7 7. O-O O-O 8.
Re1 b6 9. c3 Bb7 10. Qc2 c5 11. b3 cxd4 12. Nxd4 Rc8 13. Ng5 g6 14. Ngxe6 fxe6
15. Nxe6 Qe8 16. Nxf8 Kxf8 17. Bh6+ Kf7 18. Bc4+ Bd5 19. Ba6 Rd8 20. Bf4 Nc5 21.
Bd3 Nxd3 22. Qxd3 Bxg2 23. Qc4+ Bd5 24. Qc7 Rd7 25. Qe5 Qf8 26. Rad1 Bd6 27. Qd4
Bxf4 28. Qxf4 Qd6 29. Rd4 Qxf4 30. Rxf4 Kg7 31. Rd1 Re7 32. Rxf6 Kxf6 33. Rxd5
Ke6 34. Rd2 Kf6 35. Kg2 h5 36. Kf3 Re6 37. c4 a5 38. a3 Rc6 39. Ke4 Ke6 40. Rc2
Kd6 41. b4 axb4 42. axb4 Ke6 43. c5 bxc5 44. bxc5 Kf6 45. Kd5 Rc8 46. Kd6 Kf7
47. Kd7 Ra8 48. c6 Ra7+ 49. c7 Rb7 50. Kd8 Rxc7 51. Rxc7+ Kf6 52. Kd7 g5 53. Kd6
g4 54. Kd5 Kg5 55. Ke5 h4 56. Rg7+ Kh5 57. Kf5 g3 58. Rh7# {Black checkmated}
1-0

[Event "Team 45 45 League T89"]
[Site "Internet Chess Club"]
[Date "2021.07.11"]
[Round "1"]
[White "seattleblues"]
[Black "smsxman"]
[Result "1-0"]
[WhiteElo "1319"]
[BlackElo "1307"]
[Opening "King's Indian, 3.Nf3"]
[ECO "E61"]
[Time "21:00:31"]
[TimeControl "2700+45"]

1. d4 Nf6 2. Nf3 g6 3. c4 d6 4. Nc3 Bg7 5. Bf4 Nbd7 6. e3 O-O 7. Be2 a6 8. O-O
b6 9. Rc1 Rb8 10. h3 Bb7 11. Qc2 d5 12. cxd5 Rc8 13. e4 c6 14. d6 exd6 15. Bxd6
Re8 16. e5 Nh5 17. Qe4 Bf8 18. Bxf8 Nxf8 19. Qe3 Ng7 20. Qd2 c5 21. d5 b5 22.
Rfd1 b4 23. Ne4 Nf5 24. Nf6+ Kg7 25. Nxe8+ Qxe8 26. Bc4 Rd8 27. Bb3 Nd7 28. e6
fxe6 29. dxe6 Nd4 30. exd7 Rxd7 31. Nxd4 Rxd4 32. Qe1 Re4 33. Qd2 Qc6 34. Qd7+
Kh6 35. Qxc6 Bxc6 36. Rxc5 Bb5 37. Rdc1 Re2 38. Bc4 Rxb2 39. Bxb5 axb5 40. Rxb5
Rxa2 41. Rxb4 g5 42. Rc6+ Kh5 43. Rb7 g4 44. Rxh7+ Kg5 45. Rc5+ Kg6 46. Rhh5
gxh3 47. Rxh3 Ra6 48. Rcc3 Kg5 49. Rc5+ Kg6 50. Rg3+ Kf6 51. Rh5 Ra1+ 52. Kh2
Ra2 53. f3 Rb2 54. Rg4 Rd2 55. Ra5 Re2 56. Ra6+ Kf5 57. Re4 Rb2 58. Ra5+ Kf6 59.
Kg3 Rb3 60. Kg4 Rb8 61. Rf5+ Kg6 62. Re6+ Kg7 63. Kg5 Rb1 64. Rg6+ Kh7 65. Rf7+
Kh8 66. Ra6 Rb8 67. Raa7 Rg8+ 68. Kh6 Rb8 69. Rh7+ Kg8 70. Rag7+ {Black resigns}
1-0

[Event "Team 45 45 League T89"]
[Site "Internet Chess Club"]
[Date "2021.07.08"]
[Round "1"]
[White "burlap"]
[Black "dwmt"]
[Result "1-0"]
[WhiteElo "1091"]
[BlackElo "1170"]
[Opening "Queen's pawn: English defense"]
[ECO "A40"]
[Time "10:02:02"]
[TimeControl "2700+45"]

1. d4 b6 2. e4 Bb7 3. Bd3 d5 4. e5 e6 5. Nf3 Nc6 6. c3 Qc8 7. O-O Ba6 8. Bxa6
Qxa6 9. b4 Qb7 10. Nbd2 h6 11. a4 a6 12. Re1 Nge7 13. Bb2 Ng6 14. Qe2 a5 15. b5
Nce7 16. Ba3 Nf4 17. Qd1 O-O-O 18. Bxe7 Bxe7 19. Rf1 Nd3 20. Qc2 Nf4 21. g3 Ng6
22. Qd3 Nf8 23. Qe3 g5 24. h3 f5 25. exf6 Bxf6 26. Rae1 Re8 27. Ne5 Bxe5 28.
Qxe5 Ng6 29. Qe2 h5 30. Nf3 g4 31. Qd3 Rhg8 32. Ne5 Nxe5 33. Rxe5 gxh3 34. Rxh5
Rh8 35. Rxh8 Rxh8 36. Re1 h2+ 37. Kh1 Kd7 38. Qe3 Re8 39. Kxh2 Rh8+ 40. Kg2 Re8
41. Qh6 c6 42. Qh7+ Kc8 43. Qxb7+ Kxb7 44. g4 Kc7 45. Kg3 Kd6 46. g5 c5 47. Kg4
Ke7 48. f4 Kf7 49. Re2 Kg6 50. Rxe6+ Rxe6 51. f5+ Kf7 52. fxe6+ Kxe6 53. g6 Kf6
54. Kh5 Kg7 55. dxc5 bxc5 56. b6 d4 57. b7 dxc3 58. b8=Q c2 59. Qb2+ {Black
resigns} 1-0